 Dungeon Crawl Stone Soup version 0.27-a0-1302-g7736ffe575 (webtiles) character file.

Game seed: 9617353763535722799

91 Ijustatesigmund the Shield-Bearer (level 4, -4/41 HPs)
             Began as a Gnoll Fighter on June 18, 2021.
             Killed from afar by Ijyb (19 damage)
             ... with a bolt of acid
             ... on level 3 of the Dungeon.
             The game lasted 00:01:48 (1655 turns).

Ijustatesigmund the Shield-Bearer (Gnoll Fighter)   Turns: 1655, Time: 00:01:48

Health: -4/41      AC:  0    Str: 15    XL:     4   Next: 57%
Magic:  5/5        EV:  8    Int:  8    God:
Gold:   114        SH:  0    Dex: 12    Spells: 5/5 levels left

rFire    . . .     SeeInvis .   a - +0 war axe
rCold    . . .     Faith    .   c - +0 kite shield
rNeg     . . .     Spirit   .   b - +0 scale mail
rPois    .         Reflect  .   (no helmet)
rElec    .         Harm     .   (no cloak)
rCorr    .         Rampage  .   (no gloves)
Will     .....                  (no boots)
Stlth    ..........             (no amulet)
HPRegen  0.13/turn              (no ring)
MPRegen  0.09/turn              (no ring)

@: confused, brilliant, ambrosia-drunk, corroded, attractive, flying
A: fangs 1, strong nose, distributed training
a: no special abilities


You were on level 3 of the Dungeon.
You visited 1 branch of the dungeon, and saw 3 of its levels.

You collected 114 gold pieces.

Inventory:

Hand Weapons
 a - a +0 war axe (weapon)
Armour
 b - a +0 scale mail (worn)
 c - a +0 kite shield (worn)
Scrolls
 g - a scroll of identify {unknown}
 i - a scroll of silence {unknown}
Potions
 d - 2 potions of might
 f - 2 potions of attraction


   Skills:
 + Level 6.6 Fighting
 + Level 1.2 Short Blades
 + Level 1.2 Long Blades
 + Level 4.6 Axes
 + Level 1.2 Maces & Flails
 + Level 1.2 Polearms
 + Level 1.2 Staves
 + Level 1.2 Slings
 + Level 1.2 Bows
 + Level 1.2 Crossbows
 + Level 1.2 Throwing
 + Level 6.6 Armour
 + Level 1.2 Dodging
 + Level 1.2 Stealth
 + Level 6.6 Shields
 + Level 1.2 Unarmed Combat
 + Level 1.2 Spellcasting
 + Level 1.0 Conjurations
 + Level 1.0 Hexes
 + Level 1.0 Summonings
 + Level 1.0 Necromancy
 + Level 1.0 Translocations
 + Level 1.0 Transmutations
 + Level 1.0 Fire Magic
 + Level 1.0 Ice Magic
 + Level 1.0 Air Magic
 + Level 1.0 Earth Magic
 + Level 1.0 Poison Magic
 + Level 1.3 Invocations
 + Level 1.2 Evocations


You had 5 spell levels left.
You didn't know any spells.
Your spell library contained the following spells:

 Spells                   Type           Power      Damage    Failure   Level
 Animate Skeleton         Necr           6%         N/A       95%         1
 Corona                   Hex            3%         N/A       95%         1
 Foxfire                  Conj/Fire      12%        2x1d4     95%         1
 Pain                     Necr           12%        1d4       95%         1
 Ensorcelled Hibernation  Hex/Ice        6%         N/A       98%         2
 Confusing Touch          Hex            3%         N/A       100%        3
 Conjure Flame            Conj/Fire      3%         6-21      100%        3
 Dazzling Flash           Conj/Hex       6%         N/A       100%        3
 Inner Flame              Hex/Fire       3%         N/A       100%        3
 Tukima's Dance           Hex            3%         N/A       100%        3
 Vampiric Draining        Necr           1%         2d6       100%        3
 Animate Dead             Necr           1%         N/A       100%        4
 Sticky Flame             Conj/Fire      3%         2d3       100%        4
 Agony                    Necr           3%         N/A       100%        5
 Fireball                 Conj/Fire      1%         3d3       100%        5


Dungeon Overview and Level Annotations

Branches:
Dungeon (3/15)

Altars:
Gozag
Trog

Annotations:
D:3 Ijyb


Innate Abilities, Weirdness & Mutations

You have very sharp teeth.
Your uncanny sense of smell can sniff out nearby items.
Your experience applies equally to all skills.


Message History

You hit Ijyb.
Ijyb is moderately wounded.
Ijyb zaps a wand.
The bolt of acid hits you! The acid corrodes you!
You are splashed with acid!
You block Ijyb's attack.
You hit Ijyb.
Ijyb is moderately wounded.
Ijyb barely misses you.
You hit Ijyb but do no damage.
Ijyb is moderately wounded.
Ijyb barely misses you. Ijyb screams, "I no like you!"
Ijyb zaps a wand.
The bolt of acid hits you. The acid corrodes you!
You are splashed with acid!
* * * LOW HITPOINT WARNING * * *
You are too injured to fight recklessly!
It was a potion of attraction.
You feel attractive to monsters.
Ijyb zaps a wand.
The bolt of acid misses you.
It was a potion of ambrosia.
You are confused.
You feel invigorated. Ijyb hits you with a +0 dagger.
* * * LOW HITPOINT WARNING * * *
The rat barely misses you.
It was a potion of flight.
You feel very buoyant.
You fly up into the air.
Ijyb hits you with a +0 dagger.
* * * LOW HITPOINT WARNING * * *
The rat barely misses you.
You bump into the rock wall.
Ijyb barely misses you. The rat bites you.
* * * LOW HITPOINT WARNING * * *
You miss Ijyb.
Ijyb is moderately wounded.
You slash the rat!
You kill the rat!
Ijyb hits you with a +0 dagger.
* * * LOW HITPOINT WARNING * * *
It was a potion of brilliance.
You feel clever all of a sudden.
Ijyb zaps a wand.
The bolt of acid hits you!!
You die...

...............†.......
....####.###...........
....# #.# #..........#
...## ##.###...........
...# #................
#..........#.....
.......(....#.....
............# ...
...........@#
............g......
....######.........
..#. #......... #
#......... #...#.....
#...#.#... #...#.....


You could see Ijyb.

Vanquished Creatures
  Terence (D:3)
  3 adders
  A dart slug (D:1)
  4 ball pythons
  2 bats
  An endoplasm (D:2)
  A giant cockroach (D:3)
  6 goblins
  3 jackals (D:2)
  5 kobolds
  3 frilled lizards
  5 rats
35 creatures vanquished.

Notes
Turn   | Place    | Note
-------+----------+-------------------------------------------
     0 | D:1      | Ijustatesigmund the Gnoll Fighter began the quest for the
                  | Orb.
     0 | D:1      | Reached XP level 1. HP: 23/23 MP: 1/1
   105 | D:1      | Reached XP level 2. HP: 25/29 MP: 2/2
   354 | D:1      | Found a faded altar of an unknown god.
   692 | D:2      | Reached XP level 3. HP: 26/35 MP: 3/3
   934 | D:2      | Reached skill level 1 in Invocations
  1117 | D:2      | Found an opulent altar of Gozag.
  1498 | D:3      | Noticed Terence
  1506 | D:3      | Killed Terence
  1507 | D:3      | Reached skill level 1 in Short Blades
  1507 | D:3      | Reached skill level 1 in Long Blades
  1507 | D:3      | Reached skill level 1 in Maces & Flails
  1507 | D:3      | Reached skill level 1 in Polearms
  1507 | D:3      | Reached skill level 1 in Staves
  1507 | D:3      | Reached skill level 1 in Slings
  1507 | D:3      | Reached skill level 1 in Bows
  1507 | D:3      | Reached skill level 1 in Crossbows
  1507 | D:3      | Reached skill level 1 in Throwing
  1507 | D:3      | Reached skill level 1 in Dodging
  1507 | D:3      | Reached skill level 1 in Stealth
  1507 | D:3      | Reached skill level 1 in Unarmed Combat
  1507 | D:3      | Reached skill level 1 in Spellcasting
  1507 | D:3      | Reached skill level 1 in Evocations
  1507 | D:3      | Reached XP level 4. HP: 32/41 MP: 5/5
  1598 | D:3      | Found a bloodstained altar of Trog.
  1641 | D:3      | Reached skill level 1 in Conjurations
  1641 | D:3      | Reached skill level 1 in Hexes
  1641 | D:3      | Reached skill level 1 in Summonings
  1641 | D:3      | Reached skill level 1 in Necromancy
  1641 | D:3      | Reached skill level 1 in Translocations
  1641 | D:3      | Reached skill level 1 in Transmutations
  1641 | D:3      | Reached skill level 1 in Fire Magic
  1641 | D:3      | Reached skill level 1 in Ice Magic
  1641 | D:3      | Reached skill level 1 in Air Magic
  1641 | D:3      | Reached skill level 1 in Earth Magic
  1641 | D:3      | Reached skill level 1 in Poison Magic
  1642 | D:3      | Noticed Ijyb
  1655 | D:3      | Killed from afar by Ijyb

Illustrated notes

Levels and vault maps discovered:
D:1:      lightli_arrival_noodles, layout_basic,
          ebering_ecumenical_altar_petrified
D:2:      layout_rooms, chequers_serial_rivers_micro_e, kennysheep_flooded_box
D:3:      layout_basic, lightli_temple_of_fire, overflow_temple_1_default,
          minivault_24, moated_statue, minmay_misc_feat_roman, uniq_jessica,
          uniq_terence, uniq_ijyb

Skill      XL: |  1  2  3  4 |
---------------+-------------+-----
Invocations    | 1 |  1.3
Short Blades   | 1 |  1.2
Long Blades    | 1 |  1.2
Maces & Flails | 1 |  1.2
Polearms       | 1 |  1.2
Staves         | 1 |  1.2
Slings         | 1 |  1.2
Bows           | 1 |  1.2
Crossbows      | 1 |  1.2
Throwing       | 1 |  1.2
Dodging        | 1 |  1.2
Stealth        | 1 |  1.2
Unarmed Combat | 1 |  1.2
Spellcasting   | 1 |  1.2
Evocations     | 1 |  1.2
Conjurations   | 1 |  1.0
Hexes          | 1 |  1.0
Summonings     | 1 |  1.0
Necromancy     | 1 |  1.0
Translocations | 1 |  1.0
Transmutations | 1 |  1.0
Fire Magic     | 1 |  1.0
Ice Magic      | 1 |  1.0
Air Magic      | 1 |  1.0
Earth Magic    | 1 |  1.0
Poison Magic   | 1 |  1.0
Fighting       | |  6.6
Axes           | |  4.6
Armour         | |  6.6
Shields        | |  6.6

Action                   |  1- 3 |  4- 6 || total
-------------------------+-------+-------++-------
Melee: War axe           |   111 |    18 ||   129
       Bite              |     4 |     1 ||     5
  Use: Potion            |       |     4 ||     4
Armor: Scale mail        |    65 |    10 ||    75
Dodge: Dodged            |    30 |     9 ||    39
Block: Kite shield       |    63 |     8 ||    71

Table legend: (Time is in decaauts)
 A = Elapsed time spent in this place.
 B = Non-inter-level travel time spent in this place.
 C = Inter-level travel time spent in this place.
 D = Time resting spent in this place.
 E = Time spent auto-exploring this place.
 F = Levels seen in this place.
 G = Mean time per level.
                   A        B        C        D        E       F      G
               +--------+--------+--------+--------+--------+-----+--------+
         Total |   1714 |   1660 |     54 |      0 |   1364 |   3 |  571.3 |
       Dungeon |   1714 |   1660 |     54 |      0 |   1364 |   3 |  571.3 |
               +--------+--------+--------+--------+--------+-----+--------+

Top non-repeatable levels by time:
     D:2: 816 daAuts
     D:1: 619 daAuts
     D:3: 278 daAuts
